 Dungeon Crawl Stone Soup version 0.27.0-1-g7a089689b8 (webtiles) character file.

Game seed: 11087405833244911573

212 SnakkuSnakku7 the Shooter (level 5, -1/33 HPs)
             Began as an Octopode Arcane Marksman on Aug 12, 2021.
             Was an Initiate of Okawaru.
             Shot with a sling bullet by a goblin (6 damage)
             ... led by Robin
             ... on level 4 of the Dungeon.
             The game lasted 00:03:47 (3666 turns).

SnakkuSnakku7 the Shooter (OpAM)                    Turns: 3666, Time: 00:03:47

Health: -1/33      AC:  1    Str: 10    XL:     5   Next: 90%
Magic:  6/6        EV: 13    Int: 15    God:    Okawaru [......]
Gold:   161        SH:  0    Dex: 13    Spells: 5/6 levels left

rFire    . . .     SeeInvis .   a - +0 shortbow
rCold    . . .     Faith    .   (shield currently unavailable)
rNeg     . . .     Spirit   .   (helmet restricted)
rPois    .         Reflect  .   (no amulet)
rElec    .         Harm     .   (no ring)
rCorr    .         Rampage  .   (no ring)
Will     .....                  (no ring)
Stlth    ++........             (no ring)
HPRegen  0.11/turn              (no ring)
MPRegen  0.10/turn              (no ring)
                                (no ring)
                                (no ring)

@: brilliant
A: almost no armour, amphibious, 8 rings, camouflage 1, gelatinous body 1,
(nimble swimmer 1), tentacles
a: Renounce Religion


You were on level 4 of the Dungeon.
You worshipped Okawaru.
Okawaru was noncommittal.
You visited 2 branches of the dungeon, and saw 5 of its levels.

You collected 161 gold pieces.

Inventory:

Hand Weapons
 a - a +0 shortbow (weapon)
 b - a +0 quarterstaff
 m - a +0 hand axe
Missiles
 c - 14 arrows (quivered ammo)
Jewellery
 i - a ring of protection from cold
Scrolls
 d - 2 scrolls of noise {unknown}
 f - 6 scrolls of identify {unknown}
 h - 2 scrolls of enchant weapon {unknown}
 k - 2 scrolls of teleportation {unknown}
 l - a scroll of blinking {unknown}
 n - a scroll of fear {unknown}
Potions
 e - a potion of brilliance
 g - a potion of curing
 j - a potion of mutation {unknown}
 o - a potion of resistance {unknown}


   Skills:
 - Level 1.0 Fighting
 + Level 5.9 Bows
 - Level 2.0 Dodging
 - Level 1.0 Spellcasting
 - Level 3.0 Hexes


You had 5 spell levels left.
You knew the following spells:

 Your Spells              Type           Power      Damage    Failure   Level
a - Corona                Hex            15%        N/A       7%          1

Your spell library contained the following spells:

 Spells                   Type           Power      Damage    Failure   Level
 Slow                     Hex            14%        N/A       11%         2
 Blink                    Tloc           N/A        N/A       36%         2
 Sublimation of Blood     Necr           0%         N/A       36%         2
 Wereblood                Tmut           1%         N/A       36%         2
 Inner Flame              Hex/Fire       7%         N/A       36%         3
 Portal Projectile        Hex/Tloc       14%        N/A       36%         3
 Cause Fear               Hex            7%         N/A       56%         4
 Lesser Beckoning         Tloc           0%         N/A       58%         3
 Manifold Assault         Tloc           1%         N/A       100%        5
 Summon Hydra             Summ           0%         N/A       100%        7


Dungeon Overview and Level Annotations

Branches:
Dungeon (4/15)             Temple (1/1) D:4

Altars:
Ashenzari
Cheibriados
Elyvilon
Fedhas
Kikubaaqudgha
Makhleb
Okawaru
Qazlal
Ru
Sif Muna
Uskayaw
Xom

Annotations:
D:4 Robin


Innate Abilities, Weirdness & Mutations

You cannot wear most types of armour.
You are amphibious.
You can wear up to eight rings at the same time.
Your skin changes colour to match your surroundings (Stealth+).
Your rubbery body absorbs attacks. (AC +1, EV +1)
((You are camouflaged near water. (Stealth+)))
You have tentacles for arms and can constrict up to eight enemies at once.


Message History

Unknown command.
You shoot an arrow. The arrow barely misses the goblin.
The goblin shoots a sling bullet.
The sling bullet hits you.
You are too injured to fight recklessly!
Unknown command.
You are too injured to fight recklessly!
You are too injured to fight recklessly!
Unknown command.
You are too injured to fight recklessly!
Fire: 16 arrows
Press: ? - help, Q - select action, (/) - cycle Shift-Dir - straight line, f/p - goblin
Aim: a goblin, wielding a +0 hunting sling and quivering sling bullets (51% to hit)
You shoot an arrow. The arrow barely misses the goblin.
Robin throws the goblin at you!
The goblin shoots a sling bullet.
The sling bullet hits you.
* * * LOW HITPOINT WARNING * * *
The goblin barely misses you.
Fire: 15 arrows
Press: ? - help, Q - select action, (/) - cycle Shift-Dir - straight line, f/p - goblin
Aim: a goblin, wielding a +0 hunting sling and quivering sling bullets (51% to hit)
You shoot an arrow. The arrow barely misses the goblin.
Robin throws the goblin at you!
The goblin shoots a sling bullet.
The sling bullet misses you.
The sling bullet misses the goblin.
The goblin hits you with a +0 dagger.
* * * LOW HITPOINT WARNING * * *
The goblin misses you.
Unknown command.
Okay, then.
You feel better.
The goblin no longer looks unusually strong.
The goblin shoots a sling bullet.
The sling bullet hits you.
* * * LOW HITPOINT WARNING * * *
The goblin hits you with a +0 dagger.
* * * LOW HITPOINT WARNING * * *
The goblin hits you but does no damage.
Okay, then.
It was a potion of brilliance.
You feel clever all of a sudden.
The goblin shoots a sling bullet.
The sling bullet hits you.
You die...

.#........#######.#.##.##.####.#'
.#........# #.#....g..# #.#.
.#........# #.###..##.# #.#.
.#........#######.(....##.####.#.
............<....g(..(((....##.#.
.#.......########g......(........
.######### #g###########...#.
.###### #.# #####...<.
.#....##########@# #..##.....
...............gg# #..###....
##....####.#####.##### #.........
###### #...........###...##....
######[...........##.... ######
##[#.####.......... #....#
#)#.####.#.......# #....#
##......#....#.#..# #....#
###..............#...


You could see Robin, a hobgoblin and 3 goblins.

Vanquished Creatures
  A hound (D:3)
  A bullfrog skeleton (D:4)
  Jessica (D:3)
  A gnoll (D:4)
  3 adders
  4 dart slugs
  3 orcs (D:4)
  2 bats (D:1)
  5 endoplasms
  4 giant cockroaches
  10 goblins
  11 hobgoblins
  8 jackals
  3 quokkas
  7 ball pythons
  A frilled lizard (D:2)
  7 kobolds
  2 rats (D:1)
74 creatures vanquished.

Notes
Turn   | Place    | Note
-------+----------+-------------------------------------------
     0 | D:1      | SnakkuSnakku7 the Octopode Arcane Marksman began the quest
                  | for the Orb.
     0 | D:1      | Reached XP level 1. HP: 13/13 MP: 2/2
   573 | D:1      | Reached XP level 2. HP: 13/18 MP: 3/3
   607 | D:1      | Reached skill level 3 in Bows
   839 | D:1      | Reached XP level 3. HP: 20/23 MP: 4/4
  1506 | D:2      | Reached skill level 4 in Bows
  1674 | D:2      | Found a shimmering altar of Xom.
  1688 | D:2      | Reached XP level 4. HP: 24/28 MP: 5/5
  2518 | D:3      | Found a snail-covered altar of Cheibriados.
  2530 | D:3      | Reached skill level 5 in Bows
  2530 | D:3      | Reached XP level 5. HP: 25/33 MP: 6/6
  2604 | D:3      | Noticed Jessica
  2611 | D:3      | Killed Jessica
  3053 | D:4      | Noticed Robin
  3352 | D:4      | Found a staircase to the Ecumenical Temple.
  3383 | Temple   | Entered the Ecumenical Temple
  3432 | Temple   | Became a worshipper of Warmaster Okawaru
  3466 | D:4      | Found an ancient bone altar of Kikubaaqudgha.
  3666 | D:4      | Shot with a sling bullet by a goblin

Illustrated notes

Levels and vault maps discovered:
D:1:      heliophobic_arrival_ceremonial_halls, layout_basic,
          minmay_misc_feat_rows
D:2:      layout_loops_ring, basic_altar, kennysheep_potato
D:3:      layout_rooms, nicolae_overflow_hidden_temple, kennysheep_jessica_study
D:4:      layout_basic, amcnicky_altar_gilded,
          minmay_temple_entry_drinking_statues, st_stairs_8,
          minmay_starry_boxes, uniq_robin
Temple:   compressed_dpeg_triangle_lava_temple

Skill      XL: |  1  2  3  4 |
---------------+-------------+-----
Bows           | 3 4 5 |  5.9
Fighting       | |  1.0
Dodging        | |  2.0
Spellcasting   | |  1.0
Hexes          | |  3.0

Action                   |  1- 3 |  4- 6 || total
-------------------------+-------+-------++-------
Melee: Unarmed           |    14 |       ||    14
       Constrict         |    16 |    17 ||    33
       Hand axe          |    48 |    15 ||    63
       Tentacles         |     7 |    11 ||    18
       Quarterstaff      |       |    39 ||    39
 Fire: Shortbow          |    27 |    40 ||    67
  Use: Potion            |       |     3 ||     3
 Stab: Sleeping          |     4 |     4 ||     8
Armor: Skin              |     7 |     2 ||     9
Dodge: Dodged            |    45 |    56 ||   101
